 Dungeon Crawl Stone Soup version 0.19-a0-1007-g133f65f (webtiles) character file.

466 George the Carver (level 6, -4/51 HPs)
             Began as a Minotaur Fighter on July 20, 2016.
             Slain by an ogre
             ... wielding a +0 giant club
              (11 damage)
             ... on level 3 of the Dungeon.
             The game lasted 00:07:12 (3232 turns).

George the Carver (Minotaur Fighter)                Turns: 3232, Time: 00:07:13

Health: -4/51      AC:  7    Str: 23    XL:     6   Next: 81%
Magic:  5/5        EV:  7    Int:  5    God:
Gold:   127        SH: 10    Dex:  9    Spells: 0 memorised, 5 levels left

rFire  . . .     SeeInvis .     a - +1 long sword
rCold  . . .     Gourm    .     b - +0 scale mail
rNeg   . . .     Faith    .     c - +1 shield
rPois  .         Spirit   .     (helmet restricted)
rElec  .         Dismiss  .     y - -1 cloak (curse)
rCorr  .         Reflect  .     (no gloves)
SustAt .         Harm     .     (no boots)
MR     .....                    s - amulet of rage
Stlth  ..........               (no ring)
                                (no ring)

@: not resistant to hostile enchantments, extremely unstealthy
A: retaliatory headbutt, horns 2
a: Evoke Berserk Rage


You were on level 3 of the Dungeon.
You were not hungry.

You visited 1 branch of the dungeon, and saw 4 of its levels.
You also visited: Sewer.

You collected 127 gold pieces.

Inventory:

Hand Weapons
 a - a +1 long sword (weapon)
 w - a cursed -1 short sword
Armour
 b - a +0 scale mail (worn)
 c - a +1 shield (worn)
 y - a cursed -1 cloak (worn)
Jewellery
 m - an uncursed amulet of faith
 s - an amulet of rage (around neck)
Wands
 t - a wand of digging (13/24)
Scrolls
 i - 2 scrolls of enchant armour
 v - a scroll of enchant weapon
Potions
 d - a potion of might
 k - a potion of agility {unknown}
 o - a potion of magic {unknown}
 p - a potion of resistance {unknown}
 u - a potion of haste {unknown}
 z - a potion of invisibility
 A - 3 potions of flight {unknown}
 B - 2 potions of heal wounds {unknown}
 D - a potion of degeneration {unknown}
Comestibles
 f - 4 bread rations
 n - 9 fruits
 r - a beef jerky
 C - 2 chunks of flesh


   Skills:
 - Level 3.6 Fighting
 + Level 8.9 Long Blades
 - Level 3.6 Armour
 - Level 3.6 Shields


You had 5 spell levels left.
You didn't know any spells.

Dungeon Overview and Level Annotations

Branches:
Dungeon (4/15)
 Temple: D:4-7

Altars:
Xom

Annotations:
D:4 Dowan, Duvessa, Menkaure


Innate Abilities, Weirdness & Mutations

You reflexively headbutt those who attack you in melee.
You have a pair of horns on your head.


Message History

Dowan blinks!
Things that are here:
a whip; 2 potions of mutation; a whip An ogre comes into view.
It is wielding a giant club.
The ogre shouts!
There is a stone staircase leading up here.
You block the ogre's attack.
You climb upwards.
There is a stone staircase leading down here.
You hit the ogre. You headbutt the ogre.
The ogre is lightly wounded.
The ogre hits you with a giant club!
You closely miss the ogre.
The ogre is lightly wounded.
The ogre hits you with a giant club!
* * * LOW HITPOINT WARNING * * *
You barely miss the ogre.
The ogre is lightly wounded.
The ogre hits you with a giant club!
You die...

..###...##
#.......#####.#..##. ..#
###..##
##..........##.#.###. ..#
##..#
#......####......###. ..#
##.###......# ##.#.......
.## #.....######
###.#.####.. †##
###...))...###..^#.# #..#
..#
###..######.....###.###.##
#.# #...##
###.(.>.###.##..#
#.######.###
#@O.###..##.##.##
#>##.....# #.###
##.##.##.# #....##### ##.#
#....##.### #.#### #..#
####....... #.# #.##
####....### ### ######.#
####.......###
##......####....#####...#
###..######....#### ###..
##...##......#### ##.


You could see an ogre.

Vanquished Creatures
  A big kobold (Sewer)
  A crimson imp (D:3)
  Crazy Yiuf (D:2)
  Natasha (thrice) (D:2)
  A worker ant (D:4)
  Robin (D:2)
  7 gnolls
  An adder (D:3)
  A howler monkey skeleton (D:4)
  3 river rats
  3 worms
  A dart slug (D:1)
  A giant gecko (D:3)
  11 bats
  4 giant cockroaches
  16 hobgoblins
  5 jackals
  3 quokkas
  A ball python skeleton (D:4)
  5 giant newts
  12 goblins
  13 kobolds
  18 rats
113 creatures vanquished.

Notes
Turn   | Place    | Note
-------+----------+-------------------------------------------
     0 | D:1      | George the Minotaur Fighter began the quest for the Orb.
     0 | D:1      | Reached XP level 1. HP: 19/19 MP: 0/0
    94 | D:1      | Reached skill level 3 in Long Blades
   121 | D:1      | Reached XP level 2. HP: 26/26 MP: 1/1
   462 | D:2      | Reached skill level 4 in Long Blades
   497 | D:1      | Reached XP level 3. HP: 20/31 MP: 2/2
   646 | D:2      | Noticed Natasha
   650 | D:2      | Killed Natasha
   650 | D:2      | Reached skill level 5 in Long Blades
   733 | D:2      | Reached XP level 4. HP: 34/39 MP: 3/3
   844 | D:2      | Found a shimmering altar of Xom.
  1187 | D:2      | Noticed Natasha
  1192 | D:2      | Killed Natasha
  1192 | D:2      | Reached skill level 6 in Long Blades
  1317 | D:2      | Noticed Robin
  1330 | D:2      | Killed Robin
  1330 | D:2      | Reached XP level 5. HP: 33/45 MP: 4/4
  1366 | D:2      | Noticed Natasha
  1372 | D:2      | Killed Natasha
  1974 | D:2      | Found a runed door.
  1978 | D:2      | Noticed Crazy Yiuf
  1985 | D:2      | Killed Crazy Yiuf
  1985 | D:2      | Reached skill level 7 in Long Blades
  2482 | D:3      | Reached XP level 6. HP: 48/51 MP: 5/5
  2597 | D:3      | Found a glowing drain.
  2602 | Sewer    | Entered a sewer
  2616 | Sewer    | Reached skill level 8 in Long Blades
  2854 | Sewer    | Found a glowing silver altar of Zin.
  3193 | D:4      | Noticed Dowan
  3193 | D:4      | Noticed Menkaure
  3194 | D:4      | Noticed Duvessa
  3232 | D:3      | Slain by an ogre

Vault maps used:
D:1:      dpeg_arrival_concentric_ovals, minmay_misc_feat_tower,
          minmay_misc_feat_plants
D:2:      xom_teletrap_fun, dk_noncrumbling_2, st_stairs_3, uniq_robin,
          uniq_crazy_yiuf_cottage, uniq_natasha
D:3:      portal_sewer_entry_e, minmay_misc_feat_columns
D:4:      uniq_duvessa, uniq_menkaure
Sewer:    sewer_kobolds

Skill      XL: |  1  2  3  4  5  6 |
---------------+-------------------+-----
Long Blades    | 3 4 5 6 7 8 |  8.9
Fighting       | |  3.6
Armour         | |  3.6
Shields        | |  3.6

Action                   |  1- 3 |  4- 6 || total
-------------------------+-------+-------++-------
Melee: Long sword        |   108 |   217 ||   325
       Headbutt          |    15 |    29 ||    44
 Abil: Evoke Berserk Rag |       |     1 ||     1
  Use: Scroll            |       |     6 ||     6
  Eat: Chunk             |       |     9 ||     9
Armor: Scale mail        |    39 |    70 ||   109
Dodge: Dodged            |    32 |    63 ||    95
Block: Shield            |    58 |   130 ||   188
